 Dungeon Crawl Stone Soup version 0.31-a0-145-g046c7d2549 (webtiles) character file.

Game seed: 17176839348504541729

26 qw the Shooter (level 2, -2/26 HPs)
             Began as a Minotaur Hunter on June 7, 2023.
             Slain by Terence
             ... wielding a +0 hand axe
              (4 damage)
             ... on level 2 of the Dungeon.
             The game lasted 00:00:20 (761 turns).

qw the Shooter (Minotaur Hunter)                     Turns: 761, Time: 00:00:20

Health: -2/26      AC:  3    Str: 21    XL:     2   Next: 89%
Magic:  1/1        EV: 12    Int:  6    God:
Gold:   49         SH:  0    Dex: 13    Spells: 1/1 levels left

rFire   + . .        Y - +0 shortbow
rCold   . . .        (shield currently unavailable)
rNeg    . . .        c - +0 leather armour
rPois   .            (helmet restricted)
rElec   .            (no cloak)
rCorr   .            (no gloves)
SInv    .            (no boots)
Will    .....        d - amulet of the acrobat
Stlth   +            g - ring of protection from fire
HPRegen 0.24/turn    i - +6 ring of strength
MPRegen 0.07/turn

%: acrobat
@: no status effects
A: horns 2, retaliatory headbutt
a: no special abilities


You were on level 2 of the Dungeon.
You visited 1 branch of the dungeon, and saw 2 of its levels.

You collected 49 gold pieces.


Innate Abilities, Weirdness & Mutations

You have a pair of horns on your head.
You reflexively headbutt those who attack you in melee.


   Skills:
 - Level 3.0 Fighting
 + Level 5.2 Ranged Weapons
 - Level 2.1 Dodging
 - Level 0.7 Stealth


You had one spell level left.
You didn't know any spells.
Your spell library was empty.

Inventory:

Hand Weapons
 Y - a +0 shortbow (weapon)
Armour
 b - a +0 ring mail
 c - a +0 leather armour (worn)
Jewellery
 d - an amulet of the acrobat (around neck)
 g - a ring of protection from fire (left hand)
 i - a +6 ring of strength (right hand)
Scrolls
 a - a scroll of enchant armour {unknown}
 f - a scroll of identify {unknown}
Potions
 e - a potion of lignification {unknown}

Dungeon Overview and Level Annotations

Branches:
Dungeon (2/15)

Altars:

Annotations:
D:2 Terence


Message History

Found a book of Minor Magic.
Found a stone staircase leading down.
Enter note: Terence the Incautious comes into view.
He is wielding a +0 hand axe.
Terence shouts!
Enter note: You shoot an arrow.
The arrow hits Terence but does no damage.
You shoot an arrow. The arrow barely misses Terence.
You shoot an arrow. The arrow barely misses Terence.
You shoot an arrow. The arrow hits Terence.
Terence is lightly wounded.
You shoot an arrow. The arrow barely misses Terence.
Terence shouts, "Now you die!"
You shoot an arrow. The arrow hits Terence.
Terence is lightly wounded.
Terence completely misses you. You furiously retaliate!
You headbutt Terence! Terence barely misses you.
You shoot an arrow. The arrow completely misses Terence.
Terence closely misses you.
You shoot an arrow. The arrow hits Terence.
Terence is severely wounded.
Terence hits you with a +0 hand axe.
You shoot an arrow.
The arrow hits Terence but does no damage.
Terence is severely wounded.
Terence hits you with a +0 hand axe.
You shoot an arrow.
The arrow hits Terence but does no damage.
Terence is severely wounded.
Terence hits you with a +0 hand axe.
You shoot an arrow. The arrow barely misses Terence.
Terence hits you with a +0 hand axe!
You shoot an arrow.
The arrow hits Terence but does no damage.
Terence is severely wounded.
Terence hits you with a +0 hand axe!
You shoot an arrow. The arrow barely misses Terence.
Terence hits you with a +0 hand axe.
You die...

##.. .... #..#
..># #..# #..#
..... #..######
#...# #@......#
#...) #@##.. #.#.#
#.##.# #.#.#
#.##.#######.#.#
#............#.###
####.#####........
#.#####...##
#.###.###
#.......:..# #.#
#.# # #######....#
#.# #.# #
##.#.###.# #.# #


You could see Terence.

Vanquished Creatures
  A dart slug (D:1)
  6 goblins
  3 hobgoblins
  3 quokkas (D:1)
  2 ball pythons (D:1)
  A bat (D:1)
  3 frilled lizards
  3 kobolds
  A rat (D:1)
23 creatures vanquished.

Notes
Turn   | Place    | Note
-------+----------+-------------------------------------------
     0 | D:1      | qw the Minotaur Hunter began the quest for the Orb.
     0 | D:1      | Reached XP level 1. HP: 18/18 MP: 0/0
     0 | D:1      | 0 ||| qw: Version: 0.2-a-117-gc6b5c8b
     0 | D:1      | 0 ||| qw: Game counter: 2470
     0 | D:1      | 0 ||| qw: Always use a shield: true
     0 | D:1      | 0 ||| qw: God list: Okawaru
     0 | D:1      | 0 ||| qw: Allow faded altars: false
     0 | D:1      | 0 ||| qw: Do Orc after D:15 true
     0 | D:1      | 0 ||| qw: Do second Lair branch before Depths: true
     0 | D:1      | 0 ||| qw: Lair rune preference: random
     0 | D:1      | 0 ||| qw: Plans: Normal
     0 | D:1      | 0 ||| PLANNING D:1-11
   269 | D:1      | Reached XP level 2. HP: 24/25 MP: 1/1
   349 | D:1      | Reached skill level 5 in Ranged Weapons
   574 | D:1      | Reached skill level 3 in Fighting
   592 | D:1      | 592 ||| UPGRADING to amulet of the acrobat.
   597 | D:1      | 597 ||| UPGRADING to ring of protection from fire.
   598 | D:1      | 598 ||| UPGRADING to +6 ring of strength.
   599 | D:1      | 599 ||| READING scroll labelled KEABUT ISTRA.
   600 | D:1      | 600 ||| READING 2 scrolls labelled MEHAPT UTHUMP.
   601 | D:1      | 601 ||| READING scroll labelled MOMOICR ITUPPI.
   606 | D:1      | 606 ||| DROPPING scroll of butterflies.
   607 | D:1      | 607 ||| DROPPING scroll of vulnerability.
   620 | D:2      | 620 ||| STAIRDANCE
   748 | D:2      | Noticed Terence
   760 | D:2      | HP: 1/26 [Terence/+0 hand axe (9)]
   761 | D:2      | Slain by Terence

Levels and vault maps discovered:
D:1:      minmay_arrival_four_circles, layout_basic
D:2:      layout_loops_ring, uniq_terence, uniq_jessica

Skill      XL: |  1  2 |
---------------+-------+-----
Ranged Weapons | 5 |  5.2
Fighting       | 3 |  3.0
Dodging        | |  2.1
Stealth        | |  0.7

Action                     || total
---------------------------++-------
   Fire: Shortbow          ||    70
    Use: Scroll            ||     3
 Armour: Leather armour    ||     2
  Dodge: Dodged            ||    15

Table legend:
 A = Non-vault XP
 B = Vault XP
 C = Vault XP percentage of total XP
 D = Non-vault monster count
 E = Vault monster count
 F = Vault count percentage of total count
                 A         B        C        D         E       F
            +---------+---------+-------+---------+---------+-------
      Total |      38 |       0 |   0.0 |      23 |       0 |   0.0
            +---------+---------+-------+---------+---------+-------
        D:1 |      30 |       0 |   0.0 |      18 |       0 |   0.0
        D:2 |       8 |       0 |   0.0 |       5 |       0 |   0.0
            +---------+---------+-------+---------+---------+-------
